 Dungeon Crawl Stone Soup version 0.31-a0-819-gf6de2f5ab6 (webtiles) character file.

Game seed: 8545378491732514793

378 qw the Shooter (level 6, -1/38 HPs)
             Began as a Gargoyle Hunter on Sept 23, 2023.
             Slain by an orc wizard
             ... wielding a +0 dagger
              (2 damage)
             ... on level 5 of the Dungeon.
             The game lasted 00:01:17 (3300 turns).

qw the Shooter (Gargoyle Hunter)                    Turns: 3300, Time: 00:01:17

Health: -1/38      AC:  9    Str: 14    XL:     6   Next: 74%
Magic:  6/6        EV: 10    Int: 10    God:
Gold:   177        SH:  0    Dex: 15    Spells: 5/5 levels left

rFire   + . .        Y - +1 shortbow
rCold   . . .        (shield currently unavailable)
rNeg    + . .        b - +0 ring mail
rPois   inf          (no helmet)
rElec   +            (no cloak)
rCorr   .            (no gloves)
SInv    .            (no boots)
Will    .....        (no amulet) Stlth
                     g - ring of protection from fire
HPRegen 0.26/turn    (no ring)
MPRegen 0.10/turn

%: no passive effects
@: confused
A: sickness immunity, AC +4, negative energy resistance 1, electricity
resistance, torment resistance 1, petrification resistance, noise suppression
a: no special abilities


You were on level 5 of the Dungeon.
You visited 1 branch of the dungeon, and saw 5 of its levels.

You collected 177 gold pieces.


Innate Abilities, Weirdness & Mutations

You are immune to sickness and miasma.
Your stone body is resilient. (AC +4)
You are immune to poison.
You resist negative energy. (rN+)
You are resistant to electric shocks. (rElec)
You are resistant to unholy torment.
You are immune to petrification.
You passively dampen the noise of your surroundings.


   Skills:
 - Level 4.2 Fighting
 + Level 6.9 Ranged Weapons
 - Level 1.1 Armour
 - Level 1.5 Dodging
 - Level 1.1 Stealth


You had 5 spell levels left.
You didn't know any spells.
Your spell library was empty.

Inventory:

Hand Weapons
 Y - a +1 shortbow (weapon)
Armour
 b - a +0 ring mail (worn)
Jewellery
 g - a ring of protection from fire (left hand)
Scrolls
 d - 2 scrolls of enchant armour
 h - a scroll of identify
 k - a scroll of teleportation
Potions
 f - 2 potions of heal wounds
 i - a potion of magic {unknown}
 j - a potion of curing {unknown}

Dungeon Overview and Level Annotations

Branches:
Dungeon (5/15)
 Temple: D:4-7

Altars:
Yredelemnul


Message History

The orc wizard is lightly wounded.
The orc wizard gestures wildly while chanting.
The orc wizard flickers and vanishes!
The orc hits you but does no damage.
Something hits you but does no damage. x2; The orc barely misses you.
You shoot an arrow. The arrow hits the orc.
The orc is moderately wounded.
Something hits you. Something hits you but does no damage.
The orc hits you with a +0 whip. Something hits you but does no damage.
You shoot an arrow. The arrow hits the orc.
You kill the orc!
Something hits you but does no damage. Something hits you.
You shoot an arrow.
You hear some strange, mumbled words.
You are confused.
Something hits you but does no damage.
You shoot an arrow.
You hear some strange, mumbled words.
You are more confused.
Something hits you but does no damage. Something hits you.
You shoot an arrow. Something hits you but does no damage. Something hits you.
You shoot an arrow.
Something hits you but does no damage. x2
You hear some strange, mumbled words.
Something tries to affect you, but you resist.
You shoot an arrow.
Something hits you but does no damage. x2
You shoot an arrow. Something hits you but does no damage. Something hits you.
You shoot an arrow.
Something hits you but does no damage. x2
You shoot an arrow.
Something hits you but does no damage. x2
You shoot an arrow.
A magic dart appears from out of thin air!
The magic dart hits you. Something hits you but does no damage.
Something hits you.
You shoot an arrow. Something hits you.
You die...

.. ..###.#
#.##.....# #.#.#. ..
#..># .#
##.###...##.#
..........#.##
#.......#
####)...<.#.##.
#..@{)..........
......##{.....#.##.#
..... ##.........
.### ............)
###.....###...
#.....# .# ....###
##.###


There were no monsters in sight!

Vanquished Creatures
  A phantom (D:4)
  An iguana (D:4)
  A sleepcap (D:5)
  An orc wizard (D:4)
  Terence (D:3)
  4 gnolls (D:3)
  8 adders
  An ufetubus (D:4)
  3 worms
  A dart slug (D:4)
  6 orcs
  7 ball pythons
  6 bats
  9 endoplasms
  3 giant cockroaches (D:1)
  9 goblins
  2 hobgoblins
  6 jackals (D:1)
  3 frilled lizards
  6 kobolds
  A rat (D:3)
80 creatures vanquished.

Notes
Turn   | Place    | Note
-------+----------+-------------------------------------------
     0 | D:1      | qw the Gargoyle Hunter began the quest for the Orb.
     0 | D:1      | Reached XP level 1. HP: 12/12 MP: 1/1
     0 | D:1      | 0 ||| qw: Version: 0.3-a-83-gcd0e7d8
     0 | D:1      | 0 ||| qw: Game counter: 1461
     0 | D:1      | 0 ||| qw: Melee chars always use a shield: true
     0 | D:1      | 0 ||| qw: God list: Okawaru
     0 | D:1      | 0 ||| qw: Allow faded altars: false
     0 | D:1      | 0 ||| qw: Do Orc after clearing Dungeon:15 true
     0 | D:1      | 0 ||| qw: Do second Lair branch before Depths: true
     0 | D:1      | 0 ||| qw: Lair rune preference: random
     0 | D:1      | 0 ||| qw: Goals: Normal
     0 | D:1      | 0 ||| PLANNING D:1-11
   158 | D:1      | Reached XP level 2. HP: 17/17 MP: 2/2
   407 | D:1      | Reached XP level 3. HP: 20/21 MP: 3/3
   514 | D:1      | Reached skill level 5 in Ranged Weapons
   945 | D:1      | 945 ||| READING scroll labelled GEMUTE BYNAE.
   946 | D:1      | 946 ||| READING scroll labelled ZOIS GOACANURA.
   947 | D:1      | 947 ||| READING 2 scrolls labelled CUEMOMIMMI.
   948 | D:1      | 948 ||| DROPPING scroll of butterflies.
   949 | D:1      | 949 ||| DROPPING scroll of fog.
  1002 | D:2      | 1002 ||| STAIRDANCE
  1160 | D:2      | Reached skill level 3 in Fighting
  1172 | D:2      | Reached XP level 4. HP: 28/28 MP: 4/4
  1586 | D:2      | 1586 ||| READING scroll labelled FIOCOSS FILA.
  1587 | D:2      | 1587 ||| READING scroll labelled AWERYG ZOYFU.
  1588 | D:2      | 1588 ||| READING scroll labelled XOK XAGGODWAIX.
  1591 | D:2      | 1591 ||| READING scroll labelled UMPIKHL PO OSIQ.
  1628 | D:3      | Noticed Terence
  1637 | D:3      | Killed Terence
  1788 | D:3      | Reached XP level 5. HP: 32/32 MP: 5/5
  1864 | D:3      | Reached skill level 6 in Ranged Weapons
  1902 | D:3      | 1902 ||| FLEEEEING.
  2095 | D:3      | Found a faded altar of an unknown god.
  2329 | D:3      | 2329 ||| READING scroll labelled YDEJYDIU YH LEJ.
  2330 | D:3      | 2330 ||| READING 2 scrolls labelled QOEDEGANLEN.
  2331 | D:3      | 2331 ||| DRINKING 2 fuming yellow potions.
  2331 | D:3      | Gained mutation: You are vulnerable to cold. (rC-) [potion
                  | of mutation]
  2332 | D:3      | 2332 ||| DRINKING potion of mutation.
  2332 | D:3      | Lost mutation: You are vulnerable to cold. (rC-) [potion of
                  | mutation]
  2332 | D:3      | Gained mutation: You passively dampen the noise of your
                  | surroundings. [potion of mutation]
  2333 | D:3      | 2333 ||| DRINKING 2 yellow potions.
  2362 | D:4      | 2362 ||| STAIRDANCE
  2501 | D:4      | Reached XP level 6. HP: 38/38 MP: 6/6
  3171 | D:4      | Found a basalt altar of Yredelemnul.
  3205 | D:4      | 3205 ||| UPGRADING to +0 ring mail.
  3215 | D:4      | 3215 ||| DROPPING +0 leather armour.
  3216 | D:4      | 3216 ||| UPGRADING to ring of protection from fire.
  3217 | D:4      | 3217 ||| READING 3 scrolls of identify.
  3217 | D:4      | 3217 ||| IDENTIFYING fuming green potion
  3218 | D:4      | 3218 ||| READING 2 scrolls of identify.
  3218 | D:4      | 3218 ||| IDENTIFYING ruby potion
  3219 | D:4      | 3219 ||| DROPPING potion of degeneration.
  3220 | D:4      | 3220 ||| DROPPING potion of ambrosia.
  3266 | D:5      | Entered Level 5 of the Dungeon
  3268 | D:5      | 3268 ||| RETREEAATING.
  3269 | D:5      | 3269 ||| Stepping ~*~*~tactically~*~*~ (retreating).
  3270 | D:5      | 3270 ||| Stepping ~*~*~tactically~*~*~ (retreating).
  3271 | D:5      | 3271 ||| Stepping ~*~*~tactically~*~*~ (retreating).
  3272 | D:5      | 3272 ||| Stepping ~*~*~tactically~*~*~ (retreating).
  3281 | D:5      | Reached skill level 1 in Armour
  3293 | D:5      | HP: 8/38 [something (3)]
  3299 | D:5      | HP: 4/38 [something/magic dart (5)]
  3299 | D:5      | HP: 1/38 [something (3)]
  3300 | D:5      | Slain by an orc wizard

Levels and vault maps discovered:
D:1:      dpeg_arrival_orchard, layout_basic, kennysheep_small_spiral,
          chequers_hall_statues_y
D:2:      layout_basic
D:3:      layout_basic, hellmonk_ecumenical_altar_pennies_from_heaven,
          uniq_terence
D:4:      layout_loops_ring, lemuel_coloured_pillars_altar, minmay_cupped
D:5:      layout_loops_ring, serial_shops, nicolae_shop_drivethru,
          hangedman_decor_lopped

Skill      XL: |  1  2  3  4  5  6 |
---------------+-------------------+-----
Ranged Weapons | 5 6 |  6.9
Fighting       | 3 4 |  4.2
Armour         | 1 |  1.1
Dodging        | |  1.5
Stealth        | |  1.1

Action                     |  1- 3 |  4- 6 || total
---------------------------+-------+-------++-------
   Fire: Shortbow          |   115 |   171 ||   286
    Use: Scroll            |     3 |     8 ||    11
         Potion            |       |     3 ||     3
 Armour: Leather armour    |    42 |    49 ||    91
         Ring mail         |       |    60 ||    60
  Dodge: Dodged            |    40 |    45 ||    85

Table legend:
 A = Non-vault XP
 B = Vault XP
 C = Vault XP percentage of total XP
 D = Non-vault monster count
 E = Vault monster count
 F = Vault count percentage of total count
                 A         B        C        D         E       F
            +---------+---------+-------+---------+---------+-------
      Total |     500 |      40 |   7.4 |      77 |       3 |   3.8
            +---------+---------+-------+---------+---------+-------
        D:1 |      44 |       0 |   0.0 |      26 |       0 |   0.0
        D:2 |      72 |       0 |   0.0 |      13 |       0 |   0.0
        D:3 |      93 |      32 |  25.6 |      17 |       1 |   5.6
        D:4 |     248 |       8 |   3.1 |      18 |       2 |  10.0
        D:5 |      43 |       0 |   0.0 |       3 |       0 |   0.0
            +---------+---------+-------+---------+---------+-------
